 Dungeon Crawl Stone Soup version 0.30-a0-465-g8901f6c8b5 (webtiles) character file.

Game seed: 12467017071907666219

10438 Varralien the Brawler (level 11, -7/102 HPs)
             Began as a Troll Berserker on Dec 18, 2022.
             Was a High Priest of Trog.
             Shot with an arrow by a centaur warrior (15 damage)
             ... on level 10 of the Dungeon.
             The game lasted 00:39:47 (8547 turns).

Varralien the Brawler (Troll Berserker)             Turns: 8547, Time: 00:39:48

Health: -7/102     AC:  8    Str: 31    XL:     11   Next: 36%
Magic:  10/10      EV: 12    Int:  3    God:    Trog [*****.]
Gold:   755        SH:  0    Dex: 15    Spells: 10/10 levels left

rFire   . . .      SeeInvis .      - Unarmed
rCold   . . .      Faith    +    (no shield)
rNeg    . . .      Spirit   .    L - +0 troll leather armour
rPois   +          Reflect  .    (helmet restricted)
rElec   .          Harm     .    z - +1 cloak {Will+}
rCorr   .          Rampage  .    (gloves unavailable)
Will    +++..                    (boots unavailable)
Stlth   ++........               F - amulet of faith
HPRegen 2.97/turn                t - ring of poison resistance
MPRegen 0.12/turn                B - +6 ring of dexterity

@: strong-willed, regenerating
A: large, unfitting armour, claws 3, regeneration 1, shaggy fur 1, tough skin 1
a: Renounce Religion, Berserk, Trog's Hand, Brothers in Arms


You were on level 10 of the Dungeon.
You worshipped Trog.
Trog was extremely pleased with you.
You visited 2 branches of the dungeon, and saw 11 of its levels.
You also visited: Bailey.

You collected 790 gold pieces.
You spent 35 gold pieces at shops.

Inventory:

Missiles
 l - 10 poisoned darts (quivered)
 H - 21 throwing nets
Armour
 z - a +1 cloak of willpower (worn)
 L - a +0 troll leather armour (worn)
Jewellery
 t - a ring of poison resistance (left claw)
 A - a ring of positive energy
 B - a +6 ring of dexterity (right claw)
 D - an amulet of regeneration
 E - a ring of flight
 F - an amulet of faith (around neck)
 K - a ring of willpower
Wands
 v - a wand of flame (20)
Scrolls
 c - a scroll of amnesia
 d - a scroll of immolation {unknown}
 e - 4 scrolls of identify
 f - a scroll of silence {unknown}
 g - 2 scrolls of teleportation
 j - a scroll of butterflies {unknown}
 m - 2 scrolls of noise {unknown}
 n - 4 scrolls of enchant weapon
 p - 2 scrolls of magic mapping
 u - a scroll of brand weapon {unknown}
 w - a scroll of acquirement {unknown}
 x - 2 scrolls of vulnerability {unknown}
 y - 2 scrolls of fog {unknown}
 C - 2 scrolls of fear {unknown}
Potions
 b - 4 potions of curing
 h - 3 potions of heal wounds
 i - 3 potions of magic {unknown}
 k - a potion of brilliance
 o - 3 potions of haste {unknown}
 q - 4 potions of mutation {unknown}
 r - 3 potions of lignification {unknown}
 s - 2 potions of attraction {unknown}
 G - a potion of ambrosia {unknown}
 I - a potion of cancellation {unknown}
 J - a potion of might {unknown}


   Skills:
 + Level 5.0 Fighting
 - Level 0.1 Throwing
 + Level 1.5 Armour
 + Level 6.1 Dodging
 + Level 2.1 Stealth
 * Level 15.3 Unarmed Combat


You had 10 spell levels left.
You didn't know any spells.
Your spell library was empty.

Dungeon Overview and Level Annotations

Branches:
Dungeon (10/15)            Temple (1/1) D:5          Bailey (visited)
   Lair: D:8-11         Orc: D:9-12

Altars:
Ashenzari
Cheibriados
Dithmenos
Elyvilon
Fedhas
Gozag
Hepliaklqana
Kikubaaqudgha
Makhleb
Nemelex Xobeh
Qazlal
Ru
Trog
Uskayaw
Vehumet
Wu Jian
Xom
Yredelemnul
Zin
The Shining One

Shops:
D:2 =   D:5 =[([[   D:7 [


Innate Abilities, Weirdness & Mutations

You are too large for most types of armour.
You have claws for hands.
Your natural rate of healing is unusually fast.
You are covered in fur. (AC +1)
You have tough skin. (AC +1)


Message History

Your ogre goes berserk!
You are covered in liquid flames!
The centaur warrior hits you!
The centaur warrior kicks you but does no damage.
An acid dragon comes into view.
The manticore flicks its tail.
The volley of spikes hits your two-headed ogre!
The deep elf pyromancer mumbles some strange words.
The deep elf pyromancer blinks!
Your two-headed ogre barely misses the manticore. x2
The centaur warrior hits you but does no damage.
The centaur warrior kicks you.
You are covered in liquid flames!
The centaur warrior wields a +0 shortbow.
The centaur warrior shoots an arrow.
The arrow hits you.
Your ogre hits the two-headed ogre with a +0 giant club!!!
The two-headed ogre barely misses you.
The two-headed ogre hits you with a +0 giant club!
* * * LOW HITPOINT WARNING * * *
You are covered in liquid flames!
* * * LOW HITPOINT WARNING * * *
You are no longer on fire.
The centaur warrior shoots an arrow.
The arrow closely misses you.
Your ogre hits the two-headed ogre with a +0 giant club!
Okay, then.
You don't know any spells.
Aiming: Throw Flame
Press: ? - help, Shift-Dir - straight line, f - deep elf pyromancer
Aim: a deep elf pyromancer, wielding a +0 short sword (heavily wounded, 56% to hit)
Okay, then.
Unknown command.
Your skin crawls.
You feel strong-willed.
The centaur warrior shoots an arrow.
The arrow hits you!
* * * LOW HITPOINT WARNING * * *
The two-headed ogre hits your ogre with a +0 giant spiked club!
The two-headed ogre barely misses your ogre.
Your ogre barely misses the two-headed ogre.
The centaur warrior shoots an arrow.
The arrow hits you!
You die...

.[..........# ##.#.?#..#
######......# #..#OH...#
...##.......+ #.#.†#
_.....⌠.....#..##§#.....#
~........#..#.##).#.Y#..#
.~~~~~..#.D.###)#####'# #
...~≈~....#.ec.O.......e
...~≈≈~.#....#..O.#......
...~~~.....e###.@.# .....
⌠....~......# ##### ###
............#
####...###### #####


You could see a centaur warrior, a two-headed ogre (ally target), a deep elf
pyromancer, an acid dragon and a friendly ogre (summoned, berserk).

Vanquished Creatures
  The ghost of Qbowser99 the Shield-Bearer, a novice GnFi of Vehumet (D:5)
  A deep elf pyromancer (D:10)
  An unseen horror (D:10)
  The ghost of Verendum the Insei, a novice OpTm (D:4)
  A freezing wraith (D:10)
  A troll (D:9)
  A hornet (D:9)
  A wyvern (D:9)
  13 yaks
  Duvessa (D:4)
  A water moccasin (D:5)
  A sky beast (D:5)
  3 orc warriors
  2 ice beasts
  2 centaurs
  3 wolves (Bailey)
  3 kobold brigands
  2 bullfrogs
  10 gnoll sergeants
  7 scorpions
  5 wights (D:8)
  Dowan (D:4)
  5 killer bees (D:8)
  2 electric eels (D:8)
  4 howler monkeys
  2 orc priests (D:5)
  15 hounds
  8 gnoll boudas
  5 iguanas
  An orc wizard (D:9)
  44 gnolls
  8 adders
  3 white imps
  An ufetubus (D:4)
  2 worms
  3 dart slugs
  13 orcs
  4 bats
  8 endoplasms
  3 giant cockroaches
  5 hobgoblins
  6 jackals
  12 kobolds
  4 quokkas
  11 ball pythons
  2 frilled lizards (D:2)
  14 goblins
  5 rats
  A spectral goblin (D:4)
253 creatures vanquished.

Vanquished Creatures (collateral kills)
  A centaur warrior (D:10)
  A tengu conjurer (D:10)
  A raiju (shapeshifter) (D:10)
  A yak (D:10)
  An orc warrior (D:10)
  2 wolves (Bailey)
  A gnoll sergeant (Bailey)
  A killer bee (D:8)
  2 gnoll boudas (Bailey)
  4 gnolls (Bailey)
15 creatures vanquished.

Vanquished Creatures (others)
  4 plants (D:3)
4 creatures vanquished.

Grand Total: 272 creatures vanquished

Notes
Turn   | Place    | Note
-------+----------+-------------------------------------------
     0 | D:1      | Varralien the Troll Berserker began the quest for the Orb.
     0 | D:1      | Reached XP level 1. HP: 22/22 MP: 0/0
   174 | D:1      | Reached XP level 2. HP: 29/29 MP: 1/1
   667 | D:2      | Reached XP level 3. HP: 34/36 MP: 2/2
   759 | D:2      | Identified the +9 short sword "Bietorek" {vorpal, rPois rN+
                  | Will- Int+4}
   846 | D:2      | Reached ** piety under Trog
  1010 | D:2      | Reached XP level 4. HP: 25/44 MP: 3/3
  1012 | D:2      | Reached skill level 4 in Unarmed Combat
  1151 | D:2      | Found Niuvue's Jewellery Shop.
  1598 | D:3      | Found a shadowy altar of Dithmenos.
  1735 | D:3      | Found a snail-covered altar of Cheibriados.
  2020 | D:3      | Found a stormy altar of Qazlal.
  2453 | D:4      | Reached XP level 5. HP: 53/53 MP: 4/4
  2483 | D:4      | Found a hazy altar of Hepliaklqana.
  2592 | D:4      | Reached skill level 5 in Unarmed Combat
  2629 | D:4      | Noticed Dowan
  2629 | D:4      | Noticed Duvessa
  2640 | D:4      | Killed Duvessa
  2641 | D:4      | Reached XP level 6. HP: 61/61 MP: 5/5
  2641 | D:4      | Killed Dowan
  2641 | D:4      | Reached *** piety under Trog
  2773 | D:4      | Reached skill level 6 in Unarmed Combat
  2865 | D:4      | Found a runed translucent door.
  2875 | D:4      | Noticed Verendum's ghost (novice OpTm)
  2890 | D:4      | Killed Verendum's ghost
  2891 | D:4      | Reached skill level 1 in Stealth
  2891 | D:4      | Reached skill level 7 in Unarmed Combat
  2891 | D:4      | Reached XP level 7. HP: 61/67 MP: 6/6
  3149 | D:5      | Entered Level 5 of the Dungeon
  3149 | D:5      | Found a hide-covered altar of Uskayaw.
  3149 | D:5      | Found Postris's Weapon Boutique.
  3196 | D:5      | Found a staircase to the Ecumenical Temple.
  3205 | Temple   | Entered the Ecumenical Temple
  3423 | D:5      | Found Baddeuz's Antique Armour Emporium.
  3438 | D:5      | Reached skill level 8 in Unarmed Combat
  3438 | D:5      | Reached XP level 8. HP: 75/75 MP: 7/7
  3595 | D:5      | Found Fagoyvea's Armour Shoppe.
  3672 | D:5      | Found a runed translucent door.
  3677 | D:5      | Noticed Qbowser99's ghost (novice GnFi)
  3740 | D:5      | Found Hotoar's Armour Shoppe.
  3797 | D:5      | Killed Qbowser99's ghost
  3798 | D:5      | Reached skill level 9 in Unarmed Combat
  3896 | D:5      | Found Estrezop's Jewellery Boutique.
  3986 | D:5      | Reached skill level 10 in Unarmed Combat
  4425 | D:6      | Found a radiant altar of Vehumet.
  4459 | D:6      | Reached XP level 9. HP: 84/84 MP: 8/8
  5213 | D:7      | Reached skill level 11 in Unarmed Combat
  5272 | D:7      | Found Ylurios's Armour Shoppe.
  5941 | D:8      | Reached **** piety under Trog
  5942 | D:8      | Reached skill level 5 in Dodging
  5987 | D:8      | Reached skill level 12 in Unarmed Combat
  6038 | D:8      | HP: 2/84 [poisoned by a killer bee]
  6238 | D:8      | Found a broken altar of Ashenzari.
  6284 | D:8      | Reached XP level 10. HP: 92/92 MP: 9/9
  6472 | D:8      | Found Ligoq's CLEARANCE SALE!.
  6479 | D:8      | Bought a scroll of identify for 10 gold pieces
  6479 | D:8      | Bought a potion of heal wounds for 25 gold pieces
  7044 | D:9      | Reached ***** piety under Trog
  7045 | D:9      | Reached skill level 13 in Unarmed Combat
  7067 | D:9      | Found a flagged portal.
  7077 | Bailey   | Entered a bailey
  7803 | D:9      | Reached skill level 14 in Unarmed Combat
  8406 | D:10     | Entered Level 10 of the Dungeon
  8411 | D:10     | Identified the +2 chain mail of Empuon {rC++ Will- Str+3}
  8429 | D:10     | Reached XP level 11. HP: 89/101 MP: 10/10
  8432 | D:10     | Reached skill level 5 in Fighting
  8440 | D:10     | Received a gift from Trog
  8463 | D:10     | Found an ancient bone altar of Kikubaaqudgha.
  8507 | D:10     | Reached skill level 1 in Armour
  8516 | D:10     | Noticed a centaur warrior
  8519 | D:10     | Noticed a deep elf pyromancer
  8527 | D:10     | Noticed a centaur warrior
  8536 | D:10     | Noticed a centaur warrior
  8536 | D:10     | Killed a centaur warrior
  8536 | D:10     | Noticed a two-headed ogre
  8537 | D:10     | Reached skill level 15 in Unarmed Combat
  8540 | D:10     | Killed a deep elf pyromancer
  8540 | D:10     | Noticed a deep elf pyromancer
  8547 | D:10     | Shot with an arrow by a centaur warrior

Illustrated notes

Levels and vault maps discovered:
D:1:      elethiomel_arrival_shortcut, layout_loops_ring, minmay_heptomino_d4
D:2:      layout_loops_ring, serial_shops, nicolae_shop_waterfront,
          kennysheep_generic_room_16
D:3:      layout_loops_cross, grunt_qazlal_clouds,
          mainiacjoe_overflow_concentric_impassable,
          mainiacjoe_overflow_chevrons, chequers_serial_rivers_small_3
D:4:      layout_cave_pools, nicolae_hepliaklqana_monster_ancestors,
          ebering_ghost_reflecting_pool, nicolae_eternal_life, uniq_duvessa
D:5:      layout_cave_pods, amcnicky_altar_gilded, minmay_temple_entry_mist,
          serial_shops, nicolae_shop_advertising_works
          [nicolae_subvault_shop_adworks], shop, shop,
          nicolae_shop_bloodbath_and_beyond, kennysheep_mini_moat,
          ebering_ghost_reflecting_pool
D:6:      layout_basic, fiery_altar_vehumet, minmay_misc_feat_room, minivault_26
D:7:      layout_loops_ring, serial_shops, nicolae_shop_statue_plus
D:8:      layout_cave_pools, nicolae_ashenzari_panopticon, serial_gnoll_camp,
          gnoll_camp_medium_01, gnoll_camp_mini_basic,
          gnoll_camp_mini_loothouse, gnoll_camp_huts_moat, gnoll_camp_mini_hut,
          nicolae_shop_clearance
D:9:      layout_irregular_city, enter_bailey_3
D:10:     minmay_the_grid_square_5x5_4x4
          [minmay_the_grid_square_5x5_half_checkered,
          minmay_the_grid_square_5x5_checkered, minmay_the_grid_square_5x5_six,
          minmay_the_grid_square_5x5_z, minmay_the_grid_square_5x5_inner_i,
          minmay_the_grid_square_5x5_prize_itemx,
          minmay_the_grid_square_5x5_prize_pseudospiral,
          minmay_the_grid_square_5x5_fat_x, minmay_the_grid_square_5x5_inset,
          minmay_the_grid_square_5x5_prize_snowflake,
          minmay_the_grid_square_5x5_prize_open,
          minmay_the_grid_square_5x5_inner_v, minmay_the_grid_square_5x5_corner,
          minmay_the_grid_square_5x5_minivault, minmay_the_grid_square_5x5_two,
          minmay_the_grid_square_5x5_longway], layout_cave_pools,
          kiku_gazebo_pond_becter, mainiacjoe_overflow_catwalk,
          lemuel_blue_sif_altar, serial_shops, shop, nicolae_evil_shop
Temple:   hellmonk_temple_forest_ring

Skill      XL: |  1  2  3  4  5  6  7  8  9 10 11 |
---------------+----------------------------------+-----
Dodging        | 3 4 5 6 |  6.1
Unarmed Combat | 4 5 7 8 10 12 14 15 | 15.3
Fighting       | 3 4 5 |  5.0
Stealth        | 1 2 |  2.1
Armour         | 1 |  1.5
Throwing       | |  0.1

Action                   |  1- 3 |  4- 6 |  7- 9 | 10-12 || total
-------------------------+-------+-------+-------+-------++-------
Melee: Unarmed           |    89 |   115 |   191 |   255 ||   650
       Punch             |     2 |     2 |     9 |    18 ||    31
Throw: Dart              |     1 |     1 |       |       ||     2
Invok: Berserk           |       |     1 |     2 |     3 ||     6
       Brothers in Arms  |       |       |     1 |     3 ||     4
       Trog's Hand       |       |       |     1 |     1 ||     2
  Use: Scroll            |       |     2 |     2 |     4 ||     8
       Potion            |       |       |     1 |       ||     1
 Stab: Sleeping          |       |     1 |     1 |       ||     2
       Distracted        |       |       |       |     1 ||     1
Armor: Animal skin       |    29 |    27 |    61 |    48 ||   165
       Troll leather arm |       |       |       |    15 ||    15
Dodge: Dodged            |    46 |    41 |   115 |   152 ||   354

Table legend: (Time is in decaauts)
 A = Elapsed time spent in this place.
 B = Non-inter-level travel time spent in this place.
 C = Inter-level travel time spent in this place.
 D = Time resting spent in this place.
 E = Time spent auto-exploring this place.
 F = Levels seen in this place.
 G = Mean time per level.
                   A        B        C        D        E       F      G
               +--------+--------+--------+--------+--------+-----+--------+
         Total |   8491 |   8109 |    382 |    585 |   5527 |  12 |  707.6 |
       Dungeon |   7821 |   7439 |    382 |    449 |   5211 |  10 |  782.1 |
        Temple |    149 |    149 |      0 |      0 |    125 |   1 |  149.0 |
        Bailey |    519 |    519 |      0 |    136 |    191 |   1 |  519.0 |
               +--------+--------+--------+--------+--------+-----+--------+

Top non-repeatable levels by time:
     D:8: 1233 daAuts
     D:3: 935 daAuts
     D:5: 905 daAuts
     D:9: 877 daAuts
     D:2: 811 daAuts
     D:6: 810 daAuts
     D:4: 739 daAuts
     D:7: 719 daAuts
     D:1: 657 daAuts
  Bailey: 519 daAuts
  Temple: 149 daAuts
    D:10: 129 daAuts
